 Dungeon Sprint DCSS version 0.22-a0-429-g97ce8ef721 (webtiles) character file.

1102 FleetwoodCentaur the Basher (level 8, -7/81 HPs)
             Began as a Gargoyle Fighter on May 25, 2018.
             Was an Initiate of Ru.
             Hit by a silver javelin thrown by a merfolk javelineer (18 damage)
             ... created by the fury of Okawaru
             ... in the Dungeon (Sprint IX: "|||||||||||||||||||||||||||||").
             The game lasted 00:02:02 (434 turns).

FleetwoodCentaur the Basher (Gargoyle Fighter)       Turns: 434, Time: 00:02:03

Health: -7/81      AC: 20    Str: 26    XL:     8   Next: 32%
Magic:  8/8        EV:  8    Int: 13    God:    Ru [......]
Gold:   0          SH: 12    Dex: 12    Spells: 7/7 levels left

rFire    + + +     SeeInvis .   o - +2 morningstar of Disembowelment {flame, +Rage rF+++ MR+ Stlth-}
rCold    . . .     Gourm    .   c - +0 shield
rNeg     + . .     Faith    .   r - +1 chain mail
rPois    ∞         Spirit   .   (no helmet)
rElec    +         Reflect  .   (no cloak)
rCorr    .         Harm     .   p - +0 pair of gloves
MR       +....     NoTele   +   q - +0 pair of boots
Stlth    ..........             (no amulet)
HPRegen  0.23/turn              s - +3 ring of dexterity
MPRegen  0.11/turn              t - +3 ring of intelligence

@: berserking, very quick
A: negative energy resistance 1, electricity resistance, unbreathing,
petrification resistance, rot immunity, AC +5
a: Renounce Religion, Evoke Berserk Rage


You were in the Dungeon.
You worshipped Ru.
Ru was noncommittal.
You were not hungry.

You visited 1 branch

Inventory:

Hand Weapons
 o - the +2 morningstar of Disembowelment (weapon) {flame, +Rage rF+++ MR+ Stlth-}
   (You found it in the Dungeon)

   It has been specially enchanted to burn those struck by it, causing extra
   injury to most foes and up to half again as much damage against particularly
   susceptible opponents.
   It renders you almost immune to fire.
   It affects your resistance to hostile enchantments.
   It lets you go berserk.
   It makes you less stealthy.
Armour
 c - a +0 shield (worn)
 p - a +0 pair of gloves (worn)
 q - a +0 pair of boots (worn)
 r - a +1 chain mail (worn)
Jewellery
 s - a +3 ring of dexterity (left hand)
 t - a +3 ring of intelligence (right hand)
Wands
 n - a wand of iceblast (10)
Scrolls
 k - 2 scrolls of blinking
 l - 3 scrolls of remove curse
 m - 2 scrolls of amnesia
Potions
 d - a potion of might
 e - 5 potions of curing
 g - a potion of heal wounds
 h - a potion of haste
 i - 4 potions of magic
 j - a potion of invisibility
Comestibles
 f - a ration


   Skills:
 + Level 8.3 Fighting
 * Level 10.0 Maces & Flails
 + Level 9.5 Armour
 + Level 2.5 Dodging
 * Level 8.3 Stealth
 + Level 8.4 Shields


You had 7 spell levels left.
You didn't know any spells.
Your spell library was empty.

Dungeon Overview and Level Annotations

Branches:
Dungeon (1/1)

Altars:
Cheibriados
Dithmenos
Elyvilon
Fedhas
Gozag
Hepliaklqana
Kikubaaqudgha
Makhleb
Nemelex Xobeh
Okawaru
Qazlal
Ru
Sif Muna
Trog
Uskayaw
Vehumet
Wu Jian
Xom
Yredelemnul
Zin
The Shining One
Beogh
Jiyva
Lugonu


Innate Abilities, Weirdness & Mutations

You are resistant to torment.
Your stone body is resilient. (AC +5)
You are immune to poison.
You resist negative energy. (rN+)
You are resistant to electric shocks. (rElec)
You can survive without breathing.
You are immune to petrification.
You are immune to rotting.


Message History

You kill the jelly!
There is an open door to the Dungeon here.
Items here: )) †† a giant club; a dire flail; a hippogriff corpse; a two-headed ogre corpse You start resting.
Okawaru sends forces against you!
An orc, an orc warrior, an orc priest and 5 merfolk come into view.
A merfolk javelineer is wielding a spear of venom.
The orc priest is wielding a mace of crushing.
Unknown command.
You fail to use your ability.
The merfolk shouts!
The orc shouts!
A red film seems to cover your vision as you go berserk!
You feel yourself moving faster!
You feel mighty!
You feel a lot more hungry. You block the merfolk's attack.
The merfolk hits you from afar with a trident!
* * * LOW HITPOINT WARNING * * *
The orc warrior completely misses you.
The merfolk javelineer throws a silver javelin.
The silver javelin hits you!!
You die...

▓.▓
▓|▓
▓)▓
▓.▓
▓m▓
▓m▓
▓m▓
▓m▓
▓@▓
▓o▓
▓m▓
▓o▓
▓o▓
▓.▓
▓.▓
▓+▓


You could see a merfolk javelineer, 4 merfolk, an orc warrior, an orc priest and
an orc.

Vanquished Creatures
  A two-headed ogre (D)
  A hippogriff (D)
  An ice beast (D)
  An ogre (D)
  A bullfrog (D)
  A crimson imp (D)
  A jelly (D)
  A gnoll (D)
  An adder skeleton (D)
  2 leopard geckos (D)
  An orc (D)
  A hobgoblin (D)
  A giant cockroach zombie (D)
  2 rats (D)
16 creatures vanquished.

Notes
Turn   | Place    | Note
-------+----------+-------------------------------------------
     0 | D        | FleetwoodCentaur the Gargoyle Fighter began the quest for the Orb.
     0 | D        | Reached XP level 1. HP: 14/14 MP: 1/1
    34 | D        | Reached skill level 1 in Stealth
    34 | D        | Reached XP level 2. HP: 8/20 MP: 2/2
   232 | D        | Noticed an ice beast
   232 | D        | Noticed an ogre
   241 | D        | Killed an ice beast
   241 | D        | Reached skill level 5 in Fighting
   241 | D        | Reached skill level 3 in Maces & Flails
   241 | D        | Reached skill level 1 in Dodging
   241 | D        | Reached skill level 5 in Shields
   241 | D        | Reached XP level 3. HP: 26/26 MP: 3/3
   241 | D        | Reached XP level 4. HP: 31/31 MP: 4/4
   244 | D        | Reached skill level 4 in Maces & Flails
   246 | D        | Killed an ogre
   246 | D        | Reached skill level 5 in Maces & Flails
   246 | D        | Reached skill level 5 in Stealth
   246 | D        | Reached XP level 5. HP: 36/36 MP: 5/5
   254 | D        | Found a roughly hewn altar of Beogh.
   254 | D        | Found a snail-covered altar of Cheibriados.
   254 | D        | Found a shadowy altar of Dithmenos.
   254 | D        | Found a white marble altar of Elyvilon.
   254 | D        | Found a blossoming altar of Fedhas.
   254 | D        | Found an opulent altar of Gozag.
   255 | D        | Found a hazy altar of Hepliaklqana.
   256 | D        | Found a viscous altar of Jiyva.
   257 | D        | Found an ancient bone altar of Kikubaaqudgha.
   258 | D        | Found a corrupted altar of Lugonu.
   259 | D        | Found a burning altar of Makhleb.
   260 | D        | Found a sparkling altar of Nemelex Xobeh.
   261 | D        | Found an iron altar of Okawaru.
   262 | D        | Found a stormy altar of Qazlal.
   263 | D        | Found a sacrificial altar of Ru.
   264 | D        | Found a deep blue altar of Sif Muna.
   265 | D        | Found a bloodstained altar of Trog.
   266 | D        | Found a hide-covered altar of Uskayaw.
   267 | D        | Found a radiant altar of Vehumet.
   268 | D        | Found an ornate altar of the Wu Jian Council.
   269 | D        | Found a shimmering altar of Xom.
   270 | D        | Found a basalt altar of Yredelemnul.
   271 | D        | Found a glowing silver altar of Zin.
   272 | D        | Found a glowing golden altar of the Shining One.
   289 | D        | Got the +2 morningstar of Disembowelment {flame, +Rage rF+++ MR+ Stlth-}
   346 | D        | Became a worshipper of Warmaster Okawaru
   363 | D        | Fell from the grace of Okawaru
   363 | D        | Became a worshipper of Ru the Awakened
   383 | D        | Noticed a two-headed ogre
   383 | D        | Noticed a hippogriff
   386 | D        | Reached XP level 6. HP: 42/42 MP: 6/6
   393 | D        | Killed a two-headed ogre
   393 | D        | Reached skill level 9 in Maces & Flails
   393 | D        | Reached XP level 7. HP: 20/49 MP: 7/7
   396 | D        | Reached XP level 8. HP: 23/54 MP: 8/8
   408 | D        | Killed a hippogriff
   408 | D        | Reached skill level 10 in Maces & Flails
   433 | D        | Noticed a merfolk javelineer
   433 | D        | Noticed a merfolk
   433 | D        | Noticed a merfolk
   433 | D        | Noticed a merfolk
   433 | D        | Noticed a merfolk
   434 | D        | Hit by a silver javelin thrown by a merfolk javelineer

Vault maps used:
D:        linesprint

Skill      XL: |  1  2  3  4  5  6  7  8 |
---------------+-------------------------+-----
Armour         | 4 6 7 9 |  9.5
Fighting       | 4 5 6 8 |  8.3
Stealth        | 1 4 5 7 8 |  8.3
Shields        | 4 5 6 8 |  8.4
Maces & Flails | 3 5 9 10 | 10.0
Dodging        | 1 2 |  2.5

Action                   |  1- 3 |  4- 6 |  7- 9 || total
-------------------------+-------+-------+-------++-------
Melee: Flail             |    41 |     6 |       ||    47
       Morningstar       |       |     9 |    22 ||    31
 Abil: Evoke Berserk Rag |       |       |     1 ||     1
  Use: Potion            |     1 |     1 |     1 ||     3
Armor: Scale mail        |    14 |       |       ||    14
       Chain mail        |       |     6 |    17 ||    23
Dodge: Dodged            |    14 |     4 |     9 ||    27
Block: Shield            |    13 |     6 |    17 ||    36

Table legend:
 A = Spawn XP
 B = Non-spawn XP
 C = Spawn XP percentage of total XP
 D = Spawn monster count
 E = Non-spawn monster count
 F = Spawn count percentage of total count
 G = Total turns spent on level
                    A         B        C        D         E        F      G
               +---------+---------+-------+---------+---------+-------+---------
         Total |       0 |    1575 |   0.0 |       0 |      16 |   0.0 |   434
               +---------+---------+-------+---------+---------+-------+---------
             D |       0 |    1575 |   0.0 |       0 |      16 |   0.0 |   434
               +---------+---------+-------+---------+---------+-------+---------
